Workbook

Sheet Main
A3: Key performance indicators | B3: Description | C3: Typical impact | D3: Calculate your annual saving
A4: Planner productivity | B4: Planners quite often spend many hours collecting data and manually adjusting plans. An APS tool will the reduce the effort required in this, freeing up the time of the planners in more added-value work. | C4: 15% - 30% | D4: = hours saved every week from planners | E4: * cost per hour | F4: = yearly labor saving
D5: 8 | E5: 25 | F5: =D5*E5*52 -> 10400
A6: Reduce errors | B6: Humans make mistakes, which can be costly in your supply chain. An APS tool will automate processes and calculations, which will reduce the occurrences of mistakes. It will also help anticipating problems and bottlenecks, and improve visibility | C6: 6 - 36 / year | D6: = number of avoided errors per year | E6: * cost per error | F6: = yearly cost of errors
D7: 10 | E7: 5000 | F7: =D7*E7 -> 50000
A8: Reduced inventory | B8: Having the right stock levels across your supply chain is important for many businesses. Far too many businesses rely excessively on high inventory levels to operate smoothly. An APS tool allows a company to keep operating smoothly with lower inventory levels. | C8: 15% - 30% | D8: "= average inventory value | E8: * percentage reduction | F8: = one-off inventory reduction
D9: 800000 | E9: 0.15 | F9: =E9*D9 -> 120000
A10: Reduced work in progress | B10: An APS tool can intelligently plan all material and capacity, considering many constraints simultaneously. Your supply chain will work smoother will less work-in-progress in the supply chain. | C10: 20% - 50% | D10: = average work in progress value | E10: * percentage reduction | F10: = one-off WIP reduction
D11: 300000 | E11: 0.1 | F11: =E11*D11 -> 30000
A12: Increase on time delivery | B12: Meeting and exceeding customer's expectations is critical in today's markets. Delivering customer orders on the promised availability date will avoid penalties, avoid losing sales, increase customer satisfaction and boost repeat sales. In most indrustries this financial impact of this metric is hard to estimate quantitatively. | C12: 30% - 70%
A14: Improved asset utilization | B14: An APS tool will improve the utilization of critical bottlenecks - either machines, personnel or materials. It minimizes changeover times on resources, and intelligently optimizes the plan around the bottlenecks. It also provides the ability to proactive anticipate bottlenecks, rather than reacting to problems after they occur. | C14: 5% - 10%
A16: Improved forecast accuracy | B16: An accurate and efficient forecasting process enables collaboration of all departments in establishing a common view on the expected future demand. Indirectly it will further boost the quantifyiable metrics that are shown at the top. | C16: 5% - 20%
A19: Total benefits | B19: one-off benefits | C19: =F9+F11 -> 150000
B20: recurring benefits | C20: =F5+F7 -> 60400
A49: The results provided by this ROI calculator are estimates based on general industry data and user inputs. Actual savings and efficiency gains may vary depending on specific business conditions and usage. For a personalized analysis, please contact our team.

Sheet Timeline
B1: Year 1 | C1: Year 2 | D1: Year 3 | E1: Year 3 | F1: Year 4
A2: Cost | B2: =Main!C22+Main!C23 -> 0 | C2: =Main!C23 | D2: =Main!C23 | E2: =Main!C23 | F2: =Main!C23
A3: Benefit | B3: =Main!C19 -> 150000 | C3: =Main!C20 -> 60400 | D3: =Main!C20 -> 60400 | E3: =Main!C20 -> 60400 | F3: =Main!C20 -> 60400
A4: Saving = benefit - cost | B4: =B3-B2 -> 150000 | C4: =C3-C2 -> 60400 | D4: =D3-D2 -> 60400 | E4: =E3-E2 -> 60400 | F4: =F3-F2 -> 60400
A5: Cumulative cost | B5: =B2 -> 0 | C5: =B5+C2 -> 0 | D5: =C5+D2 -> 0 | E5: =D5+E2 -> 0 | F5: =E5+F2 -> 0
A6: Cumulative benefit | B6: =B3 -> 150000 | C6: =B6+C3 -> 210400 | D6: =C6+D3 -> 270800 | E6: =D6+E3 -> 331200 | F6: =E6+F3 -> 391600
A7: Cumulative savings | B7: =B3-B2 -> 150000 | C7: =B7+C4 -> 210400 | D7: =C7+D4 -> 270800 | E7: =D7+E4 -> 331200 | F7: =E7+F4 -> 391600
A9: ROI | B9: =IF(B7>0,ROUND(B5/B6*12,0),IF(C7>0,ROUND(C5/C6*24,0),IF(D7>0,ROUND(D5/D6*36,0),IF(E7>0,ROUND(E5/E6*48,0),IF(F7>0,ROUND(F5/F6*60,0),":-( too many")))))&" months" -> 0 months
A32: The results provided by this ROI calculator are estimates based on general industry data and user inputs. Actual savings and efficiency gains may vary depending on specific business conditions and usage. For a personalized analysis, please contact our team.
